 Dungeon Crawl Stone Soup version 0.30-a0-897-ga2f19c967e (webtiles) character file.

Game seed: 10367559324848534762

29855 112233 the Covert (level 13, -8/98 HPs)
             Began as an Octopode Fighter on Mar 18, 2023.
             Was an Initiate of Gozag.
             Mangled by a skyshark (10 damage)
             ... on level 3 of the Lair of Beasts.
             The game lasted 00:29:01 (22855 turns).

112233 the Covert (Octopode Fighter)               Turns: 22855, Time: 00:29:02

Health: -8/98      AC:  5    Str: 17    XL:     13   Next: 48%
Magic:  13/13      EV: 17    Int: 14    God:    Gozag
Gold:   177        SH:  5    Dex: 11    Spells: 12/12 levels left

rFire   . . .      SeeInvis +      - Unarmed
rCold   . . .      Faith    .    a - +0 buckler
rNeg    . . .      Spirit   .    (helmet restricted)
rPois   +          Reflect  .    B - amulet "Joejud" {rPois Regen+ Stlth+}
rElec   .          Rampage  .    n - +4 ring of protection
rCorr   +                        b - ring of resist corrosion
Will    .....                    A - ring "Zozyth" {rCorr SInv}
Stlth   +++++++                  e - ring of wizardry
HPRegen 1.16/turn                (no ring)
MPRegen 0.13/turn                (no ring)
                                 (no ring)
                                 (no ring)

@: studying Stealth, unable to read
A: almost no armour, amphibious, 8 rings, camouflage 1, gelatinous body 1,
(nimble swimmer 1), tentacles, wild magic 1, inability to read after injury 1
a: Renounce Religion, Potion Petition, Call Merchant, Bribe Branch


You were on level 3 of the Lair of Beasts.
You worshipped Gozag.
Gozag was aware of your devotion.
You visited 3 branches of the dungeon, and saw 18 of its levels.

You collected 3851 gold pieces.
You paid 3674 gold pieces to Gozag.

Inventory:

Hand Weapons
 l - a +2 vampiric dagger
 o - a +2 whip of flaming
Missiles
 m - 14 poisoned darts (quivered)
 E - 3 throwing nets
Armour
 a - a +0 buckler (worn)
Magical Staves
 g - a staff of air
Jewellery
 b - a ring of resist corrosion (right tentacle)
 e - a ring of wizardry (on tentacle)
 n - a +4 ring of protection (left tentacle)
 A - the ring "Zozyth" (on tentacle) {rCorr SInv}
   (You found it on level 8 of the Dungeon)

   [ring of resist corrosion]

   SInv:      It lets you see invisible.
   rCorr:     It protects you from acid and corrosion.
 B - the amulet "Joejud" (around mantle) {rPois Regen+ Stlth+}
   (You found it on level 10 of the Dungeon)

   [amulet of regeneration]

   rPois:     It protects you from poison.
   Regen:     It increases your rate of health regeneration.
   Stlth:     It makes you more stealthy.
Wands
 j - a wand of paralysis (2)
 D - a wand of digging (3)
Scrolls
 d - 2 scrolls of magic mapping
 f - 2 scrolls of vulnerability
 k - a scroll of identify
 p - 2 scrolls of enchant armour
 s - a scroll of torment
 v - a scroll of fear
 x - 2 scrolls of amnesia
 C - 2 scrolls of enchant weapon
 G - a scroll of brand weapon
 I - 2 scrolls of fog
Potions
 c - 3 potions of attraction
 h - a potion of flight
 i - 2 potions of brilliance
 q - a potion of ambrosia
Miscellaneous
 J - a condenser vane (inert)


   Skills:
 + Level 12.5 Fighting
 + Level 12.4 Dodging
 + Level 12.5 Stealth
 - Level 7.4 Shields
 - Level 11.9 Unarmed Combat


You had 12 spell levels left.
You didn't know any spells.
Your spell library contained the following spells:

 Spells                   Type           Power      Damage    Failure   Level
 Cigotuvi's Dreadful Rot  Necr/Pois/Air  0%         N/A       26%         2
 Dispel Undead            Necr           0%         3d6       82%         4
 Death Channel            Necr           0%         N/A       100%        6


Dungeon Overview and Level Annotations

Branches:
Dungeon (13/15)            Temple (0/1) D:7            Lair (3/5) D:8
    Orc (2/2) D:11            Elf (0/3) Orc:2        Vaults (0/5) D:13
  Swamp: Lair:2-3    Shoals: Lair:2-3     Snake: Lair:2-3    Spider: Lair:2-3

Altars:
Cheibriados
Fedhas
Gozag
Makhleb
Okawaru
Ru
Sif Muna
Trog
Yredelemnul
Zin
The Shining One

Shops:
D:10 (   Orc:2 [*=

Annotations:
D:6 exclusions: downstairs and oklob plant
D:7 exclusion: downstairs
D:10 2 transporters, Fannar; Viceroy's ghost, novice AtWr
D:11 exclusion: downstairs
D:12 exclusion: 2 downstairs
D:13 Rupert
Orc:2 exclusion: upstairs


Innate Abilities, Weirdness & Mutations

You cannot wear most types of armour.
You are amphibious.
You can wear up to eight rings at the same time.
Your skin changes colour to match your surroundings (Stealth+).
Your rubbery body absorbs attacks. (AC +1, EV +1)
((You are camouflaged when in or above water. (Stealth+)))
You have tentacles for arms and can constrict up to eight enemies at once.
Your spells are a little harder to cast, but a little more powerful.
You occasionally lose the ability to read scrolls when taking damage.


Message History

You block the skyshark's attack.
You bludgeon the skyshark!
The skyshark is heavily wounded.
The skyshark bites you!! The skyshark tail-slaps you.
The skyshark barely misses you.
Unknown command.
You are too injured to fight recklessly!
Unknown command. [a] - 567 gold - lignification, might, resistance and haste [b] - 696 gold - resistance, might and haste [c] - 325 gold - heal wounds and magic Purchase which effect?
You no longer have enough gold to petition Gozag for potion effects.
You feel much better. Magic courses through your body. The skyshark bites you!
The skyshark tail-slaps you. The skyshark closely misses you.
The skyshark bites you! You block the skyshark's attack.
The skyshark barely misses you.
You can't see any enemies this would affect, really read the scroll of fear?
Okay, then.
Unknown command.
Okay, then.
Aiming: Paralyse
Press: ? - help, Shift-Dir - straight line, f - skyshark
Aim: a skyshark (moderately wounded, berserk, chance to affect: 31%)
Okay, then.
Aiming: Paralyse
Press: ? - help, Shift-Dir - straight line, f - skyshark
Aim: a skyshark (moderately wounded, berserk, chance to affect: 31%)
Okay, then.
Aiming: Paralyse
Press: ? - help, Shift-Dir - straight line, f - skyshark
Aim: a skyshark (moderately wounded, berserk, chance to affect: 31%)
The skyshark easily resists.
The skyshark bites you!!
You feel threatened and lose the ability to read scrolls!
* * * LOW HITPOINT WARNING * * *
The skyshark tail-slaps you!
* * * LOW HITPOINT WARNING * * *
The skyshark tail-slaps you!
You die...
Your body crumbles into a pile of gold.

## #.# ## ####..###
######.#. #.......##
#........
#.....#.#.###........
#.....^###..+.!......
#.....###..##........
#.....l##..#.........
###.....#@#..#$........
##..<........#.#........
...#.#P..........##........
#..........#############..
#..####.....### # ##
#.#..###.## ###.....#.#
##.#P.### ####P.###


You could see a skyshark (berserk).

Vanquished Creatures
  Snorg (D:11)
  Erolcha (D:9)
  Harold (D:10)
  A centaur warrior (Orc:2)
  3 two-headed ogres
  An alligator (Lair:2)
  An orc high priest (Orc:2)
  2 skeletal warriors (D:12)
  Pikel (D:9)
  3 manticores
  2 orc knights (Orc:2)
  2 cyclopes (D:12)
  A black mamba (Lair:1)
  3 cane toads
  A kobold demonologist (D:11)
  7 komodo dragons
  4 trolls
  4 wyverns
  2 shadows (D:12)
  2 wraiths (D:11)
  A basilisk (Lair:1)
  26 yaks
  Grum (D:9)
  5 vampire mosquitoes
  6 wargs
  3 acid dragons
  4 water moccasins
  2 sky beasts (D:8)
  32 orc warriors
  An ice beast (D:6)
  3 black bears
  8 wolves
  16 centaurs
  6 ogres
  3 lemures (D:8)
  2 phantoms
  A kobold brigand (D:7)
  A gnoll sergeant (D:10)
  8 bullfrogs
  2 scorpions
  5 wights (D:8)
  7 howler monkeys
  A lava snake (D:7)
  3 gnoll boudas
  12 jellies
  6 orc priests
  3 hounds (D:4)
  An iron imp (D:4)
  Jessica (D:3)
  Terence (D:3)
  2 hell rats (Lair:1)
  2 iguanas
  15 orc wizards
  31 gnolls
  4 adders
  2 ufetubi (D:5)
  2 worms
  3 dart slugs
  60 orcs
  2 ball pythons
  15 endoplasms
  6 goblins
  5 hobgoblins
  2 jackals (D:4)
  A quokka (D:4)
  3 bats
  10 kobolds
  2 rats (D:1)
381 creatures vanquished.

Vanquished Creatures (others)
  14 fungi
  41 plants
55 creatures vanquished.

Grand Total: 436 creatures vanquished

Notes
Turn   | Place    | Note
-------+----------+-------------------------------------------
     0 | D:1      | 112233 the Octopode Fighter began the quest for the Orb.
     0 | D:1      | Reached XP level 1. HP: 16/16 MP: 1/1
   410 | D:1      | Reached XP level 2. HP: 21/21 MP: 2/2
  1441 | D:3      | Reached XP level 3. HP: 26/26 MP: 3/3
  1596 | D:3      | Noticed Terence
  1602 | D:3      | Killed Terence
  1633 | D:3      | Noticed Jessica
  1640 | D:3      | Killed Jessica
  1641 | D:3      | Reached XP level 4. HP: 21/31 MP: 4/4
  1989 | D:3      | Reached XP level 5. HP: 36/36 MP: 5/5
  2776 | D:4      | Reached XP level 6. HP: 31/43 MP: 6/6
  3145 | D:4      | Noticed a black bear
  3150 | D:4      | Killed a black bear
  3158 | D:4      | Found a burning altar of Makhleb.
  3158 | D:4      | Noticed a cacodemon
  3162 | D:4      | Noticed a ynoxinul
  3162 | D:4      | Noticed a neqoxec
  3404 | D:4      | Found a snail-covered altar of Cheibriados.
  3413 | D:4      | Reached XP level 7. HP: 49/49 MP: 7/7
  3457 | D:5      | Entered Level 5 of the Dungeon
  3595 | D:4      | Reached skill level 5 in Unarmed Combat
  4522 | D:5      | Found a glowing silver altar of Zin.
  4522 | D:5      | Found a basalt altar of Yredelemnul.
  4522 | D:5      | Found an opulent altar of Gozag.
  4558 | D:5      | Became a worshipper of Gozag Ym Sagoz the Greedy
  4866 | D:5      | Reached XP level 8. HP: 44/54 MP: 8/8
  4993 | D:6      | Reached skill level 5 in Fighting
  4998 | D:5      | Reached skill level 5 in Dodging
  5001 | D:5      | Reached skill level 5 in Shields
  5484 | D:6      | Noticed an oklob plant
  5834 | D:6      | You fall into a shaft and drop 1 floor!
  5834 | D:7      | Found a staircase to the Ecumenical Temple.
  6324 | D:7      | Reached XP level 9. HP: 49/62 MP: 9/9
  6505 | D:7      | Found an iron altar of Okawaru.
  7016 | D:6      | Found a sacrificial altar of Ru.
  7178 | D:6      | Found a blossoming altar of Fedhas.
  7716 | D:7      | Noticed a troll
  8483 | D:8      | Noticed a komodo dragon
  8503 | D:8      | Killed a komodo dragon
  8513 | D:8      | Reached XP level 10. HP: 19/69 MP: 10/10
  8806 | D:8      | Found a bloodstained altar of Trog.
  8822 | D:8      | Found a staircase to the Lair.
  9285 | D:8      | Identified the ring "Zozyth" {rCorr SInv}
  9920 | D:9      | Noticed Erolcha
  9937 | D:9      | Killed Erolcha
  9941 | D:9      | Noticed a two-headed ogre
  9943 | D:9      | Noticed Pikel
  9945 | D:9      | Gained mutation: You are agile. (Dex +4, Str/Int -1)
                  | [potion of mutation]
  9945 | D:9      | Gained mutation: Your spells are a little harder to cast,
                  | but a little more powerful. [potion of mutation]
  9945 | D:9      | Gained mutation: You are robust. (+10% HP) [potion of
                  | mutation]
 11333 | D:9      | Found a glowing golden altar of the Shining One.
 11681 | D:9      | Killed Pikel
 11682 | D:9      | Reached skill level 10 in Unarmed Combat
 12248 | D:9      | Noticed Grum
 12269 | D:9      | Killed Grum
 12467 | D:10     | Entered Level 10 of the Dungeon
 12843 | D:10     | Reached XP level 11. HP: 78/84 MP: 11/11
 12906 | D:10     | Found Zive's Weapon Shoppe.
 12927 | D:10     | Identified the amulet "Joejud" {rPois Regen+ Stlth+}
 13015 | D:10     | Noticed Viceroy's ghost (novice AtWr)
 13342 | D:12     | Noticed a manticore
 13353 | D:12     | Noticed a cyclops
 13986 | D:10     | Found a transporter.
 13991 | D:10     | Found a transporter.
 14179 | D:10     | Noticed Fannar
 14308 | D:10     | Noticed Harold
 14325 | D:10     | Killed Harold
 15090 | D:11     | Identified the +1 pair of boots of Autumn {rF+ Will+}
 15101 | D:11     | Found a staircase to the Orcish Mines.
 15811 | D:12     | Noticed a cyclops
 15820 | D:12     | Killed a cyclops
 15991 | Orc:1    | Entered Level 1 of the Orcish Mines
 15991 | Orc:1    | Noticed Snorg
 16367 | D:12     | Killed a manticore
 16368 | D:12     | Reached skill level 10 in Fighting
 16615 | D:12     | Killed a cyclops
 16616 | D:12     | Reached skill level 10 in Dodging
 16739 | D:12     | Noticed a two-headed ogre
 16760 | D:12     | Killed a two-headed ogre
 17216 | D:12     | Noticed a manticore
 17231 | D:12     | Killed a manticore
 17232 | D:12     | Reached skill level 1 in Stealth
 17232 | D:12     | Reached XP level 12. HP: 73/97 MP: 12/12
 17577 | Lair:1   | Entered Level 1 of the Lair of Beasts
 17767 | Lair:1   | Noticed an alligator
 17774 | Lair:1   | Noticed a four-headed hydra
 18064 | Lair:1   | Found a shimmering blue altar of Sif Muna.
 18064 | Lair:1   | Identified the +1 pair of gloves of Tientu {Rampage rElec
                  | Int+4}
 18620 | Lair:1   | Reached skill level 5 in Stealth
 19008 | D:13     | Noticed Rupert
 19008 | D:13     | Noticed a boulder beetle
 19008 | D:13     | Noticed a centaur warrior
 19008 | D:13     | Found a gate to the Vaults.
 19218 | D:11     | Identified a scroll of acquirement
 19218 | D:11     | Acquired a manual of Stealth
 19230 | D:11     | Killed Snorg
 19785 | Orc:2    | Entered Level 2 of the Orcish Mines
 19785 | Orc:2    | Found a staircase to the Elven Halls.
 20333 | Orc:2    | Noticed a centaur warrior
 20970 | Orc:2    | Reached XP level 13. HP: 46/105 MP: 13/13
 21276 | Orc:2    | Gained mutation: You are occasionally teleported next to
                  | monsters. [a neqoxec]
 21280 | Orc:2    | Reached skill level 10 in Stealth
 21416 | Orc:2    | Found Ybrygabb's Weapon Boutique.
 21416 | Orc:2    | Found Nuufi's General Store.
 21416 | Orc:2    | Found Wanayril's Armour Emporium.
 21419 | Orc:2    | Found Facref's Jewellery Shop.
 21729 | Orc:2    | Lost mutation: You are agile. (Dex +4, Str/Int -1) [potion
                  | of mutation]
 21729 | Orc:2    | Lost mutation: You are robust. (+10% HP) [potion of
                  | mutation]
 21729 | Orc:2    | Lost mutation: You are occasionally teleported next to
                  | monsters. [potion of mutation]
 21729 | Orc:2    | Gained mutation: You occasionally lose the ability to read
                  | scrolls when taking damage. [potion of mutation]
 22855 | Lair:3   | HP: 2/98 [skyshark (11)]
 22855 | Lair:3   | Mangled by a skyshark

Illustrated notes

Levels and vault maps discovered:
D:1:      kennysheep_arrival_forest, layout_basic, serial_bayou_pond_e
D:2:      layout_loops_ring, minmay_fountain_box
D:3:      layout_loops_corners, minmay_misc_feat_plants, uniq_jessica,
          uniq_terence
D:4:      layout_loops_ring, slow_altar_1, makhleb_altar_promises_db,
          nicolae_grassy_gnolls
D:5:      layout_gridville, chequers_temple_overflow_statue_of_worship
D:6:      lemuel_slime, layout_loops_ring, mainiacjoe_overflow_boulevard,
          lemuel_round_altar
D:7:      kennysheep_big_flooded_room, layout_basic,
          mainiacjoe_overflow_catwalk, minmay_temple_entry_nine_rooms,
          minmay_unpleasant_kobolds
D:8:      layout_layer_cave, mainiacjoe_overflow_cross_hatched, lair_entry_dummy
D:9:      layout_layer_cave, mainiacjoe_overflow_alcove_2,
          hangedman_decor_peaks_small, uniq_grum, uniq_erolcha, uniq_pikel
D:10:     layout_stronghold, kennysheep_mini, serial_shops, nicolae_square_shop,
          gammafunk_ghost_hive, nicolae_two_hexagons, skrybe_limestone_x, pond,
          uniq_fannar, uniq_harold
D:11:     layout_basic, minmay_orc_entry_guard_dogs, minivault_25
D:12:     layout_loops_ring
D:13:     layout_cave_pools, david_vaults_3, grunt_decor_fettered
Lair:1:   layout_gridlike, basic_altar, nicolae_lair_lakeside_cave
Lair:2:   nzn_winding_woodlands_large [nzn_winding_woodlands_5x5_cross,
          nzn_winding_woodlands_5x15_zeroes, nzn_winding_woodlands_5x5_three,
          nzn_winding_woodlands_center_diamonds,
          nzn_winding_woodlands_15x15_thick_spiral,
          nzn_winding_woodlands_center_triple_pond,
          nzn_winding_woodlands_5x5_default,
          nzn_winding_woodlands_5x15_pathside_ponds,
          nzn_winding_woodlands_5x5_checkerboard], layout_big_grid,
          serial_bayou, serial_bayou_pond_b, serial_bayou_pond_e,
          serial_bayou_pond_b, serial_bayou_lake_a, guppyfry_lair_drakes,
          serial_bayou_shore_a
Lair:3:   layout_roguey, shoals_dummy_entry, spider_nest_entry_rubble
Orc:1:    layout_caves, abandoned_shop, abandoned_shop, uniq_snorg
Orc:2:    st_orc_rangers, layout_diamond_mine

Skill      XL: |  1  2  3  4  5  6  7  8  9 10 11 12 13 |
---------------+----------------------------------------+-----
Unarmed Combat | 3 4 5 7 9 10 11 | 11.9
Dodging        | 4 5 6 8 10 11 12 | 12.4
Fighting       | 4 5 6 8 10 11 12 | 12.5
Shields        | 4 5 6 7 |  7.4
Stealth        | 1 8 12 | 12.5

Action                     |  1- 3 |  4- 6 |  7- 9 | 10-12 | 13-15 || total
---------------------------+-------+-------+-------+-------+-------++-------
  Melee: Unarmed           |    46 |    24 |   339 |   688 |   156 ||  1253
         Constrict         |    13 |    23 |    56 |    76 |    20 ||   188
         Tentacles         |     9 |    26 |    89 |   210 |    50 ||   384
         Punch             |       |     2 |    16 |    61 |    19 ||    98
         Whip              |       |    69 |     5 |       |       ||    74
  Throw: Dart              |       |       |       |       |     4 ||     4
 Invoke: Potion Petition   |       |       |     1 |     5 |     3 ||     9
  Evoke: Wand              |       |       |     6 |    27 |     1 ||    34
         Condenser vane    |       |       |       |     1 |     1 ||     2
    Use: Potion            |       |       |     3 |    16 |     1 ||    20
         Scroll            |       |       |     1 |    24 |       ||    25
   Stab: Sleeping          |     5 |     3 |     4 |     3 |     4 ||    19
         Distracted        |       |       |     1 |     4 |     2 ||     7
         Invisible         |       |       |       |     3 |       ||     3
 Armour: Skin              |     1 |    23 |    61 |   102 |    16 ||   203
  Dodge: Dodged            |    18 |    57 |   174 |   624 |    81 ||   954
  Block: Buckler           |     3 |    23 |    65 |   211 |    33 ||   335

Table legend: (Time is in decaauts)
 A = Elapsed time spent in this place.
 B = Non-inter-level travel time spent in this place.
 C = Inter-level travel time spent in this place.
 D = Time resting spent in this place.
 E = Time spent auto-exploring this place.
 F = Levels seen in this place.
 G = Mean time per level.
                   A        B        C        D        E       F      G
               +--------+--------+--------+--------+--------+-----+--------+
         Total |  22720 |  21595 |   1125 |   8148 |   9921 |  18 | 1262.2 |
       Dungeon |  18999 |  18016 |    983 |   6533 |   8913 |  13 | 1461.5 |
          Lair |   1406 |   1328 |     78 |    634 |    264 |   3 |  468.7 |
  Orcish Mines |   2315 |   2252 |     63 |    980 |    744 |   2 | 1157.5 |
               +--------+--------+--------+--------+--------+-----+--------+

Top non-repeatable levels by time:
     D:8: 3054 daAuts
    D:11: 2899 daAuts
     D:7: 2111 daAuts
     D:9: 2004 daAuts
    D:12: 1423 daAuts
     D:3: 1402 daAuts
     D:4: 1354 daAuts
   Orc:2: 1320 daAuts
     D:5: 1292 daAuts
     D:6: 1183 daAuts
    D:10: 1048 daAuts
   Orc:1: 994 daAuts
     D:1: 798 daAuts
  Lair:1: 788 daAuts
  Lair:3: 432 daAuts
